 Dungeon Crawl Stone Soup version 0.30.0-10-gfe55d96785 (webtiles) character file.

Game seed: 18072268339326893855

318 shadowrider38 the Digger (level 6, 41/41 HPs)
             Began as a Demonspawn Earth Elementalist on May 16, 2023.
             Quit the game on level 4 of the Dungeon.
             The game lasted 00:04:23 (2983 turns).

shadowrider38 the Digger (DsEE)                     Turns: 2983, Time: 00:04:23

Health: 41/41      AC:  3    Str:  8    XL:     6   Next: 21%
Magic:  6/12       EV: 12    Int: 24    God:
Gold:   118        SH:  4    Dex: 14    Spells: 7/13 levels left

rFire   . . .        a - +0 short sword
rCold   . . .        (no shield)
rNeg    . . .        f - +0 robe
rPois   .            p - +0 helmet
rElec   .            (no cloak)
rCorr   .            (no gloves)
SInv    .            (no boots)
Will    .....        (no amulet)
Stlth   ++           h - +6 ring of intelligence
HPRegen 0.26/turn    (no ring)
MPRegen 0.13/turn

%: no passive effects
@: no status effects
A: condensation shield, demonic magic 1
a: no special abilities


You were on level 4 of the Dungeon.
You visited 1 branch of the dungeon, and saw 4 of its levels.

You collected 118 gold pieces.

Inventory:

Hand Weapons
 a - a +0 short sword (weapon)
Armour
 f - a +0 robe (worn)
 p - a +0 helmet (worn)
Jewellery
 h - a +6 ring of intelligence (left hand)
Wands
 D - a wand of digging (8)
 P - a wand of paralysis (7)
Scrolls
 c - a scroll of enchant armour {unknown}
 d - a scroll of vulnerability {unknown}
 e - a scroll of noise {unknown}
 j - a scroll of butterflies {unknown}
 m - a scroll of teleportation {unknown}
 q - a scroll of enchant weapon {unknown}
Potions
 b - a potion of magic
 g - a potion of mutation {unknown}
 i - a potion of invisibility {unknown}
 k - a potion of attraction {unknown}
 l - a potion of cancellation {unknown}
 n - a potion of heal wounds {unknown}
 o - a potion of degeneration {unknown}
 H - 3 potions of haste
 Q - 3 potions of curing


   Skills:
 - Level 1.7 Dodging
 - Level 1.7 Stealth
 + Level 4.2 Spellcasting
 + Level 1.9 Conjurations
 - Level 0.8 Transmutations
 + Level 4.6 Earth Magic


You had 7 spell levels left.
You knew the following spells:

 Your Spells              Type           Power      Damage    Failure   Level
a - Sandblast             Erth           54%        2d13      1%          1
b - Stone Arrow           Conj/Erth      40%        3d9       8%          3
c - Passwall              Tmut/Erth      15%        N/A       4%          2

Your spell library contained the following spells:

 Spells                   Type           Power      Damage    Failure   Level
 Petrify                  Tmut/Erth      18%        N/A       30%         4
 Simulacrum               Ice/Necr       2%         N/A       100%        6
 Ozocubu's Refrigeration  Ice            2%         4d8       100%        7
 Polar Vortex             Ice            2%         N/A       100%        9


Dungeon Overview and Level Annotations

Branches:
Dungeon (4/15)
 Temple: D:4-7

Altars:

Annotations:
D:2 1 runed translucent door, Crazy Yiuf


Innate Abilities, Weirdness & Mutations

A meltable shield of frost defends you. (SH +4)
Spells you cast may paralyse adjacent enemies.


Message History

Confirm with . or Enter, or press ? or * to list all spells.
Okay, then.
You start waiting.
Sigmund is nearby!
Casting: Sandblast (safe; 1% risk of failure)
Confirm with . or Enter, or press ? or * to list all spells.
Aiming: Passwall (safe; 5% risk of failure)
Press: ? - help, Dir - move target You can't see that place.
Okay, then.
Unknown command.
Casting: Passwall (safe; 5% risk of failure)
Confirm with . or Enter, or press ? or * to list all spells.
You don't know that spell.
Okay, then.
Casting: Passwall (safe; 5% risk of failure)
Confirm with . or Enter, or press ? or * to list all spells.
Aiming: Passwall (safe; 5% risk of failure)
Press: ? - help, Dir - move target, f - you Please select a wall.
A stone staircase leading up.
Okay, then.
Casting: Passwall (safe; 5% risk of failure)
Confirm with . or Enter, or press ? or * to list all spells.
The spell is quite dangerous to miscast (13% risk of failure)!
Continue anyway? [Y]es or [N]o only, please.
The spell is quite dangerous to miscast (13% risk of failure)!
Continue anyway?
Aiming: Stone Arrow (quite dangerous; 13% risk of failure)
Press: ? - help, Shift-Dir - straight line, f - Sigmund
Aim: Sigmund, wielding a +0 scythe and wearing a +0 robe (64% to hit)
The stone arrow hits Sigmund!
Sigmund is heavily wounded.
Malevolent energies surge around you.
Sigmund suddenly stops moving!
Casting: Stone Arrow (quite dangerous; 13% risk of failure)
Confirm with . or Enter, or press ? or * to list all spells.
Okay, then.
The helpless Sigmund fails to defend himself.
You hit Sigmund.
Sigmund is severely wounded.
The helpless Sigmund fails to defend himself.
You hit Sigmund.
Sigmund is almost dead.
The blast of sand hits Sigmund!!
You kill Sigmund!
Malevolent energies surge around you.
Your Spellcasting skill increases to level 4!
Your Conjurations skill increases to level 1!
You have reached level 6!
Your demonic ancestry asserts itself...
Frost condenses into a shield before you.
Are you sure you want to abandon this character and quit the game? (Confirm with "yes".)

.. @# ..
#. #.##
###...
##)#.#
#@#..#
#.##....#
#..
##.#..#
#... # #
#####


There were no monsters in sight!

Vanquished Creatures
  Sigmund (D:4)
  Ijyb (D:3)
  Robin (D:2)
  4 gnolls (D:3)
  2 adders
  2 dart slugs
  5 bats
  4 endoplasms
  A giant cockroach (D:1)
  8 hobgoblins
  2 kobolds
  A quokka (D:3)
  5 ball pythons
  4 frilled lizards (D:2)
  13 goblins
  3 rats
57 creatures vanquished.

Notes
Turn   | Place    | Note
-------+----------+-------------------------------------------
     0 | D:1      | shadowrider38 the Demonspawn Earth Elementalist began the
                  | quest for the Orb.
     0 | D:1      | Reached XP level 1. HP: 13/13 MP: 3/3
   270 | D:1      | Reached skill level 3 in Earth Magic
   270 | D:1      | Gained mutation: Spells you cast may paralyse adjacent
                  | enemies. [demonic ancestry]
   270 | D:1      | Reached XP level 2. HP: 19/19 MP: 1/5
   834 | D:2      | Learned a level 2 spell: Passwall
   885 | D:2      | Noticed Robin
  1107 | D:2      | Reached XP level 3. HP: 24/24 MP: 5/7
  1330 | D:2      | Found a faded altar of an unknown god.
  1405 | D:2      | Learned a level 3 spell: Stone Arrow
  1413 | D:2      | Killed Robin
  1414 | D:2      | Reached skill level 3 in Spellcasting
  1619 | D:2      | Found a runed translucent door.
  1620 | D:2      | Noticed Crazy Yiuf
  2157 | D:3      | Reached XP level 4. HP: 30/30 MP: 6/8
  2650 | D:3      | Noticed Ijyb
  2656 | D:3      | Paralysed by Ijyb for 3 turns
  2677 | D:3      | Killed Ijyb
  2678 | D:3      | Reached XP level 5. HP: 30/35 MP: 1/10
  2971 | D:4      | Noticed Sigmund
  2982 | D:4      | Killed Sigmund
  2983 | D:4      | Reached skill level 1 in Conjurations
  2983 | D:4      | Gained mutation: A meltable shield of frost defends you.
                  | (SH +4) [demonic ancestry]
  2983 | D:4      | Reached XP level 6. HP: 41/41 MP: 6/12
  2983 | D:4      | Quit the game

Illustrated notes

Levels and vault maps discovered:
D:1:      elethiomel_arrival_quiet, layout_basic
D:2:      layout_basic, dreamdust_ecumenical_altar_grove, chequers_jeans,
          minmay_misc_feat_diagonals, uniq_crazy_yiuf_cottage, uniq_robin
D:3:      kennysheep_big_flooded_room, layout_rooms, grunt_decor_junction,
          minmay_between, uniq_ijyb
D:4:      layout_basic, amethyst_overflow_temple_binary, serial_shops,
          nicolae_shop_just_a_little_nook, nicolae_eternal_life, uniq_pikel,
          uniq_eustachio, uniq_blork_the_orc, uniq_sigmund

Skill      XL: |  1  2  3  4  5 |
---------------+----------------+-----
Earth Magic    | 3 4 |  4.6
Spellcasting   | 3 4 |  4.2
Conjurations   | 1 |  1.9
Dodging        | |  1.7
Stealth        | |  1.7
Transmutations | |  0.8

Action                     |  1- 3 |  4- 6 || total
---------------------------+-------+-------++-------
  Melee: Short sword       |     3 |    13 ||    16
   Cast: Sandblast         |    53 |    34 ||    87
         Stone Arrow       |       |     1 ||     1
    Use: Scroll            |     2 |       ||     2
   Stab: Paralysed         |       |    11 ||    11
 Armour: Robe              |     9 |       ||     9
  Dodge: Dodged            |    16 |     9 ||    25
